 Dungeon Crawl Stone Soup version 0.31-a0-1074-g0b22e4e0f1 (webtiles) character file.

Game seed: 12453667963014868340

47 quinnr the Gusty (level 3, -5/19 HPs)
             Began as a Tengu Air Elementalist on Nov 26, 2023.
             Killed from afar by Sigmund (7 damage)
             ... with a puff of flame
             ... on level 2 of the Dungeon.
             The game lasted 00:04:05 (1793 turns).

quinnr the Gusty (Tengu Air Elementalist)           Turns: 1793, Time: 00:04:06

Health: -5/19      AC:  3    Str:  8    XL:     3   Next: 70%
Magic:  4/7        EV: 27    Int: 17    God:
Gold:   46         SH:  0    Dex: 14    Spells: 3/6 levels left

rFire   . . .        (no weapon)
rCold   . . .        (no shield)
rNeg    . . .        a - +0 robe
rPois   .            (helmet restricted)
rElec   .            (no cloak)
rCorr   .            g - +0 pair of gloves
SInv    .            (boots unavailable)
Will    +....        (no amulet)
Stlth   ++           W - ring of willpower
HPRegen 0.23/turn    (no ring)
MPRegen 0.10/turn

%: acrobat
@: mighty, acrobatic
A: beak, talons 3, acrobatic
a: no special abilities


You were on level 2 of the Dungeon.
You visited 1 branch of the dungeon, and saw 3 of its levels.

You collected 46 gold pieces.


Innate Abilities, Weirdness & Mutations

You have a beak for a mouth.
You have claws for feet.
You can magically evade attacks while moving or waiting.


   Skills:
 - Level 2.1 Dodging
 - Level 2.0 Stealth
 - Level 2.0 Spellcasting
 - Level 2.0 Conjurations
 + Level 5.9 Air Magic


You had 3 spell levels left.
You knew the following spells:

 Your Spells              Type           Power      Damage    Failure   Level
t - Static Discharge      Conj/Air       30%        3-5/arc   6%          2
z - Shock                 Conj/Air       60%        1d6       3%          1

Your spell library contained the following spells:

 Spells                   Type           Power      Damage    Failure   Level
 Swiftness                Air            21%        N/A       4%          3
 Airstrike                Air            10%        2d(2-18)  17%         4

Inventory:

Armour
 a - a +0 robe (worn)
 g - a +0 pair of gloves (worn)
Jewellery
 W - a ring of willpower (left hand)
Scrolls
 c - a scroll of blinking {unknown}
 h - a scroll of noise {unknown}
 i - a scroll of fear {unknown}
 j - a scroll of identify {unknown}
Potions
 b - a potion of magic
 d - a potion of might
 e - 2 potions of heal wounds {unknown}
 f - 2 potions of brilliance {unknown}
 k - a potion of curing {unknown}

Dungeon Overview and Level Annotations

Branches:
Dungeon (3/15)

Altars:

Annotations:
D:1 exclusion: downstairs
D:2 exclusion: downstairs, Sigmund

.##...........#.##.##.
###.......###.##.# ##
#.#...#.# #.##.# ..
#.#÷..#.# #.##.##.#
#.#.÷.#.# #.......#
#.##{##.# ####.####
#....o..# #.#
####)#### #># #@#
#.###### #.....#
#....... #.##...
######## ..### ###


You could see an orc wizard.


Message History

You hear a zap.
A puff of flame appears from out of thin air!
The puff of flame hits you. Something hits you.
You bump into the rock wall.
An orc wizard appears from thin air!
Reactivating autopickup.
The orc wizard misses you.
Unknown command.
You hear a zap.
A puff of flame appears from out of thin air!
Deactivating autopickup; reactivate with Ctrl-A.
The puff of flame misses you.
The orc wizard attacks as it pursues you!
The orc wizard completely misses you.
Unknown command.
You're too confused to move!
You feel less confused.
You hear a zap.
A puff of flame appears from out of thin air!
The puff of flame hits you.
* * * LOW HITPOINT WARNING * * *
The orc wizard hits you with a +0 dagger.
* * * LOW HITPOINT WARNING * * *
The orc wizard hits you with a +0 dagger.
* * * LOW HITPOINT WARNING * * *
You see here a +0 trident.
Unknown command.
You hear a zap.
A puff of flame appears from out of thin air!
The puff of flame hits you!
You die...

Skill      XL: |  1  2 |
---------------+-------+-----
Conjurations   | 2 |  2.0
Air Magic      | 5 |  5.9
Dodging        | |  2.1
Stealth        | |  2.0
Spellcasting   | |  2.0

Action                     || total
---------------------------++-------
  Melee: Unarmed           ||     3
         Kick              ||     1
   Cast: Shock             ||    77
    Use: Potion            ||     1
 Armour: Robe              ||    16
  Dodge: Dodged            ||    32

Levels and vault maps discovered:
D:1:      roderic_octagonal_star, layout_loops_corners
D:2:      layout_loops_cross, guppyfry_early_orc_mine, uniq_sigmund
D:3:      layout_loops_ring, minitemple, chequers_ecumenical_altar_island

Notes
Turn   | Place    | Note
-------+----------+-------------------------------------------
     0 | D:1      | quinnr the Tengu Air Elementalist began the quest for the
                  | Orb.
     0 | D:1      | Reached XP level 1. HP: 10/10 MP: 4/4
   343 | D:1      | Reached XP level 2. HP: 15/15 MP: 4/6
   381 | D:1      | Learned a level 2 spell: Static Discharge
   691 | D:1      | Reached skill level 2 in Conjurations
   728 | D:1      | Reached skill level 5 in Air Magic
  1187 | D:1      | Reached XP level 3. HP: 19/19 MP: 0/7
  1301 | D:2      | Noticed Sigmund
  1428 | D:3      | Noticed an ogre
  1793 | D:2      | Killed from afar by Sigmund

Vanquished Creatures
  A dart slug (D:1)
  2 orcs (D:2)
  A ball python (D:2)
  2 bats
  5 endoplasms
  3 giant cockroaches
  A goblin (D:2)
  4 hobgoblins
  5 jackals
  2 quokkas (D:1)
  3 frilled lizards
  2 kobolds (D:2)
  6 rats
37 creatures vanquished.

Table legend: (Time is in decaauts)
 A = Elapsed time spent in this place.
 B = Non-inter-level travel time spent in this place.
 C = Inter-level travel time spent in this place.
 D = Time resting spent in this place.
 E = Time spent auto-exploring this place.
 F = Levels seen in this place.
 G = Mean time per level.
                   A        B        C        D        E       F      G
               +--------+--------+--------+--------+--------+-----+--------+
         Total |   1792 |   1719 |     73 |     49 |   1324 |   3 |  597.3 |
       Dungeon |   1792 |   1719 |     73 |     49 |   1324 |   3 |  597.3 |
               +--------+--------+--------+--------+--------+-----+--------+

Top non-repeatable levels by time:
     D:1: 1341 daAuts
     D:2: 424 daAuts
     D:3: 27 daAuts

Table legend:
 A = Non-vault XP
 B = Vault XP
 C = Vault XP percentage of total XP
 D = Non-vault monster count
 E = Vault monster count
 F = Vault count percentage of total count
                 A         B        C        D         E       F
            +---------+---------+-------+---------+---------+-------
      Total |      68 |       0 |   0.0 |      37 |       0 |   0.0
            +---------+---------+-------+---------+---------+-------
        D:1 |      34 |       0 |   0.0 |      19 |       0 |   0.0
        D:2 |      34 |       0 |   0.0 |      18 |       0 |   0.0
            +---------+---------+-------+---------+---------+-------

Levels and vault maps discovered:
D:1:      roderic_octagonal_star, layout_loops_corners
D:2:      layout_loops_cross, guppyfry_early_orc_mine, uniq_sigmund
D:3:      layout_loops_ring, minitemple, chequers_ecumenical_altar_island
